 Dungeon Crawl Stone Soup version 0.26-a0-259-g1effd001a9 (webtiles) character file.

Game seed: 9629341236816511

358 vurker the Skirmisher (level 6, 39/51 HPs)
             Began as a Demonspawn Brigand on July 17, 2020.
             Quit the game on level 3 of the Dungeon.
             The game lasted 00:03:32 (3299 turns).

vurker the Skirmisher (Demonspawn Brigand)          Turns: 3299, Time: 00:03:32

Health: 39/51      AC:  5    Str: 13    XL:     6   Next: 37%
Magic:  6/6        EV: 11    Int: 12    God:
Gold:   128        SH:  0    Dex: 15    Spells: 5/5 levels left

rFire    . . .     SeeInvis .   l - +2 dagger (venom)
rCold    . . .     Faith    .   (no shield)
rNeg     . . .     Spirit   .   b - +0 robe
rPois    .         Reflect  .   n - +0 helmet
rElec    .         Harm     .   c - +0 cloak
rCorr    .                      o - +0 pair of gloves
MR       .....                  (no boots)
Stlth    ++........             (no amulet)
HPRegen  0.17/turn              (no ring)
MPRegen  0.10/turn              (no ring)

@: no status effects
A: demonic guardian 1, rot immunity, sanguine armour 2
a: no special abilities


You were on level 3 of the Dungeon.
You were not hungry.

You visited 1 branch of the dungeon, and saw 3 of its levels.

You collected 128 gold pieces.

Inventory:

Hand Weapons
 l - a +2 dagger of venom (weapon)
   (You took it off a goblin on level 1 of the Dungeon)
Missiles
 d - 8 poisoned darts (quivered)
 f - 2 curare-tipped darts
Armour
 b - a +0 robe (worn)
 c - a +0 cloak (worn)
 n - a +0 helmet (worn)
   (You found it on level 2 of the Dungeon)
 o - a +0 pair of gloves (worn)
   (You found it on level 2 of the Dungeon)
Scrolls
 a - a scroll of enchant armour {unknown}
 h - a scroll of remove curse
 j - a scroll of fog {unknown}
 k - a scroll of immolation {unknown}
 m - 2 scrolls of identify {unknown}
Potions
 e - 2 potions of brilliance {unknown}
 g - a potion of curing {unknown}
 i - a potion of berserk rage {unknown}


   Skills:
 + Level 5.0 Fighting
 - Level 1.7 Short Blades
 + Level 4.5 Throwing
 - Level 0.8 Dodging
 - Level 3.6 Stealth


You had 5 spell levels left.
You didn't know any spells.
Your spell library was empty.

Dungeon Overview and Level Annotations

Branches:
Dungeon (3/15)

Altars:
Kikubaaqudgha


Innate Abilities, Weirdness & Mutations

A weak demonic guardian rushes to your aid.
You are immune to rotting.
When seriously injured, your bleeding wounds create thick armour. (AC +0)


Message History

Items here: ) [ †† a +0 dagger; a +0 robe; a frilled lizard corpse; an orc corpse You see here a rat corpse.
Found a stone staircase leading down.
You now have 128 gold pieces (gained 14).
An orc comes into view. It is wielding a +0 dagger.
An orc is nearby!
An orc is nearby!
An orc is nearby!
The orc shouts!
Found a viscous puce potion.
The orc barely misses you.
You hit the orc. The orc hits you with a +0 dagger.
You closely miss the orc. The orc hits you with a +0 dagger.
You hit the orc. The orc hits you with a +0 dagger.
You hit the orc.
You kill the orc!
No target in view!
No target in view!
No target in view!
No target in view!
No target in view!
No target in view!
Things that are here:
a +0 dagger; an orc corpse
g - a viscous puce potion Sigmund the Dreaded comes into view.
He is wielding a +0 scythe.
Sigmund shouts!
Sigmund laughs darkly.
Sigmund points at you and mumbles some strange words.
The puff of flame misses you.
Sigmund hits you from afar with a cursed +0 scythe!
You hit Sigmund but do no damage.
Sigmund is poisoned.
Sigmund hits you with a cursed +0 scythe.
You barely miss Sigmund. Sigmund closely misses you.
You hit Sigmund.
Sigmund looks as sick as possible!
You hit Sigmund. Sigmund hits you but does no damage.
You hit Sigmund. You closely miss Sigmund. Sigmund barely misses you.
You hit Sigmund.
Sigmund looks as sick as possible!
Sigmund barely misses you.
You barely miss Sigmund. You hit Sigmund.
Sigmund looks as sick as possible!
You kill Sigmund!
Your Fighting skill increases to level 5!
Your Throwing skill increases to level 4!
You have reached level 6!
Your experience leads to an increase in your attributes!
Increase (S)trength, (I)ntelligence, or (D)exterity?
You feel stronger.
Your demonic ancestry asserts itself...
You feel the presence of a demonic guardian.

.....# ##.#........
#........###...#'##'###
#........##............
#......................
#............#.........
#............#.........
##............#......##'
..............#..>##....
......)@......###.##....
...#######....'.#.##....
..###....#.####....
#..........####....
#..##.............. #.
#.#########..). ...#
#.... .#### #.... #
#####


There were no monsters in sight!

Vanquished Creatures
  Sigmund (D:3)
  An orc priest (D:3)
  An orc wizard (D:3)
  Robin (D:3)
  A gnoll (D:1)
  3 adders
  A worm (D:2)
  4 dart slugs
  A leopard gecko (D:3)
  6 orcs (D:3)
  4 bat zombies (D:2)
  5 giant cockroaches
  12 hobgoblins
  11 kobolds
  A quokka (D:2)
  6 bats
  5 frilled lizards
  10 goblins
  10 rats
  A rat zombie (D:2)
85 creatures vanquished.

Notes
Turn   | Place    | Note
-------+----------+-------------------------------------------
     0 | D:1      | vurker the Demonspawn Brigand began the quest for the Orb.
     0 | D:1      | Reached XP level 1. HP: 16/16 MP: 1/1
    28 | D:1      | Gained mutation: When seriously injured, your bleeding
                  | wounds create armour. (AC +0) [demonic ancestry]
    28 | D:1      | Reached XP level 2. HP: 9/23 MP: 2/2
   725 | D:1      | Gained mutation: When seriously injured, your bleeding
                  | wounds create thick armour. (AC +0) [demonic ancestry]
   725 | D:1      | Reached XP level 3. HP: 27/28 MP: 3/3
  1029 | D:1      | Reached skill level 3 in Fighting
  1805 | D:2      | Reached XP level 4. HP: 32/35 MP: 4/4
  2310 | D:2      | Found an ancient bone altar of Kikubaaqudgha.
  2710 | D:3      | Noticed Robin
  2905 | D:2      | Gained mutation: You are immune to rotting. [demonic
                  | ancestry]
  2905 | D:2      | Reached XP level 5. HP: 41/42 MP: 5/5
  2981 | D:3      | Killed Robin
  2981 | D:3      | Reached skill level 4 in Fighting
  3283 | D:3      | Noticed Sigmund
  3298 | D:3      | Killed Sigmund
  3298 | D:3      | Reached skill level 5 in Fighting
  3298 | D:3      | Gained mutation: A weak demonic guardian rushes to your
                  | aid. [demonic ancestry]
  3298 | D:3      | Reached XP level 6. HP: 39/51 MP: 6/6
  3299 | D:3      | Quit the game

Illustrated notes

Levels and vault maps discovered:
D:1:      erik_arrival_blinker_ship, layout_loops_ring, serial_park_tiny_2
D:2:      layout_basic, lemuel_zombie_altar_kikubaaqudgha
D:3:      cheibrodos_pilgrimage, layout_basic, uniq_robin, uniq_sigmund

Skill      XL: |  1  2  3  4  5 |
---------------+----------------+-----
Throwing       | 2 3 4 |  4.5
Fighting       | 3 5 |  5.0
Short Blades   | |  1.7
Dodging        | |  0.8
Stealth        | |  3.6

Action                   |  1- 3 |  4- 6 || total
-------------------------+-------+-------++-------
Melee: Dagger            |   108 |   128 ||   236
  Use: Scroll            |       |     1 ||     1
 Stab: Sleeping          |     9 |       ||     9
       Distracted        |       |     1 ||     1
  Eat: Ration            |     1 |     1 ||     2
Armor: Robe              |    14 |    62 ||    76
Dodge: Dodged            |    55 |   106 ||   161

Table legend:
 A = Non-vault XP
 B = Vault XP
 C = Vault XP percentage of total XP
 D = Non-vault monster count
 E = Vault monster count
 F = Vault count percentage of total count
                 A         B        C        D         E       F
            +---------+---------+-------+---------+---------+-------
      Total |     151 |     361 |  70.5 |      60 |      25 |  29.4
            +---------+---------+-------+---------+---------+-------
        D:1 |      57 |       0 |   0.0 |      27 |       0 |   0.0
        D:2 |      55 |      22 |  28.6 |      19 |      12 |  38.7
        D:3 |      39 |     339 |  89.7 |      14 |      13 |  48.1
            +---------+---------+-------+---------+---------+-------
